 Dungeon Crawl Stone Soup version 0.31-a0-986-g5e6e4ef867 (webtiles) character file.

Game seed: 2691780707586551133

247 Zonian the Magician (level 5, -4/28 HPs)
             Began as a Deep Elf Earth Elementalist on Nov 19, 2023.
             Slain by a bullfrog (7 damage)
             ... on level 4 of the Dungeon.
             The game lasted 00:07:20 (3184 turns).

Zonian the Magician (Deep Elf Earth Elementalist)   Turns: 3184, Time: 00:07:20

Health: -4/28      AC:  2    Str:  5    XL:     5   Next: 85%
Magic:  10/14      EV: 13    Int: 22    God:
Gold:   219        SH:  0    Dex: 15    Spells: 7/13 levels left

rFire   . . .        i - +2 short sword (venom) {short}
rCold   . . .        (no shield)
rNeg    . . .        a - +0 robe
rPois   .            (no helmet)
rElec   .            (no cloak)
rCorr   .            (no gloves)
SInv    +            (no boots)
Will    .....        (no amulet)
Stlth   +++          g - ring of see invisible
HPRegen 0.24/turn    (no ring)
MPRegen 0.14/turn

%: no passive effects
@: studying Short Blades
A: no striking features
a: no special abilities


You were on level 4 of the Dungeon.
You visited 1 branch of the dungeon, and saw 4 of its levels.

You collected 219 gold pieces.


   Skills:
 + Level 1.5 Short Blades
 - Level 3.5 Dodging
 - Level 3.8 Stealth
 + Level 4.7 Spellcasting
 + Level 1.2 Conjurations
 - Level 2.6 Transmutations
 + Level 4.3 Earth Magic


You had 7 spell levels left.
You knew the following spells:

 Your Spells              Type           Power      Damage    Failure   Level
a - Sandblast             Erth           48%        2d12      1%          1
b - Passwall              Tmut/Erth      16%        N/A       3%          2
c - Stone Arrow           Conj/Erth      34%        3d9       10%         3

Your spell library contained the following spells:

 Spells                   Type           Power      Damage    Failure   Level
 Petrify                  Tmut/Erth      20%        N/A       24%         4
 Brom's Barrelling Bould  Conj/Erth      17%        2d4       32%         4
 Olgreb's Toxic Radiance  Pois           5%         N/A       71%         4
 Discord                  Hex            2%         N/A       100%        8
 Ignition                 Fire           2%         3d3       100%        8

Inventory:

Hand Weapons
 c - a +0 dagger {short}
   (You took it off a goblin on level 1 of the Dungeon)
 f - a +0 short sword {short}
   (You took it off a kobold on level 1 of the Dungeon)
 i - a +2 short sword of venom (weapon) {short}
   (You took it off a kobold on level 2 of the Dungeon)
 m - a +3 dagger {short}
   (You took it off an orc on level 3 of the Dungeon)
Missiles
 d - 13 boomerangs {throwing}
 j - 7 stones {throwing}
Armour
 a - a +0 robe (worn)
Jewellery
 g - a ring of see invisible (left hand)
   (You found it on level 1 of the Dungeon)
Wands
 e - a wand of flame (16)
   (You took it off Ijyb on level 3 of the Dungeon)
Scrolls
 n - 2 scrolls of summoning
Potions
 b - a potion of magic
 h - a potion of enlightenment
 k - a potion of brilliance {unknown}
 l - a potion of resistance {unknown}
 o - a potion of might {unknown}
 p - a potion of cancellation {unknown}

Dungeon Overview and Level Annotations

Branches:
Dungeon (4/15) Zot: 20762
 Temple: D:4-7

Altars:

Annotations:
D:3 Grinder

.
....######.#
....SBo@F..#
#########g##
.. ... ###


You could see a bullfrog (ally target), a ball python (ally target), a friendly
orc (summoned), a friendly giant cockroach (summoned) and a friendly goblin
(summoned).


Message History

You can't see any susceptible monsters within range! (Use Z to cast anyway.)
The blast of sand hits the goblin!
You kill the goblin! 😎 MP[-1]
You lost 1 mp, and now have 12/13 mp.
You can't see any susceptible monsters within range! (Use Z to cast anyway.) Unknown command.
n - 4 scrolls labelled ALEATANKIT (gained 3) Unknown command.
Unknown command.
As you read the scroll labelled ALEATANKIT, it crumbles to dust.
Wisps of shadow whirl around you...
It was a scroll of summoning.
Unknown command.
You swap places.
Key pressed, stopping explore.
You swap places.
You swap places.
There is a stone staircase leading down here.
Your giant cockroach dissolves into shadows!
Your adder dissolves into shadows!
You pick up the Unrestrained Analects and begin reading...
You add the spells Olgreb's Toxic Radiance, Ignition and Discord to your library. 😎 MP[+1]
Your mp is fully restored (13).
Partly explored, can't reach some places.
You see here a +0 hand axe {axe}.
You see here a +0 leather armour.
There is a stone staircase leading down here.
You climb downwards.
There is a stone staircase leading up here.
A kobold brigand is nearby!
Unknown command.
The blast of sand hits the kobold brigand.
The kobold brigand shouts!
You hear a loud, deep croak!
A bullfrog comes into view. 😎 MP[-1]
You lost 1 mp, and now have 12/13 mp.
The blast of sand hits the kobold brigand!
A ball python comes into view.
The kobold brigand hits you with a +0 dagger. 😕 HP[-6] MP[-1]
You take 6 damage, and now have 22/28 hp.
MASSIVE DAMAGE!! (PAUSE)
You lost 1 mp, and now have 11/13 mp.
Casting: Sandblast (safe; 1% risk of failure)
Confirm with . or Enter, or press ? or * to list all spells.
Okay, then.
The ball python hisses angrily.
You hit the kobold brigand.
The kobold brigand is poisoned.
The bullfrog barely misses you.
The bullfrog releases a deep croak.
The bullfrog hits you.
The kobold brigand hits you with a +0 dagger!
* * * LOW HITPOINT WARNING * * *
😨 HP[-10]
You take 10 damage, and now have 12/28 hp.
MASSIVE DAMAGE!! (PAUSE)
Casting: Sandblast (safe; 1% risk of failure)
Confirm with . or Enter, or press ? or * to list all spells.
Aiming: Sandblast (safe; 1% risk of failure)
Press: ? - help, Shift-Dir - straight line, f/p - kobold brigand
Aim: a kobold brigand, wielding a +0 dagger and quivering poisoned darts (almost dead, very poisoned, 79% to hit)
The blast of sand hits the kobold brigand.
You kill the kobold brigand!
The bullfrog hits you!
* * * LOW HITPOINT WARNING * * *
The bullfrog hits you but does no damage.
Your Short Blades skill increases to level 1!
Your Conjurations skill increases to level 1! 😱 HP[-7] MP[-1]
You take 7 damage, and now have 5/28 hp.
MASSIVE DAMAGE!! (PAUSE)
Casting: Sandblast (safe; 1% risk of failure)
Confirm with . or Enter, or press ? or * to list all spells.
Aiming: Sandblast (safe; 1% risk of failure)
Press: ? - help, Shift-Dir - straight line, f - bullfrog
Aim: a bullfrog (79% to hit)
Okay, then.
Okay, then.
Okay, then.
Okay, then.
Okay, then.
As you read the scroll of summoning, it crumbles to dust.
Wisps of shadow whirl around you... The bullfrog hits you.
* * * LOW HITPOINT WARNING * * *
The ball python closely misses your giant cockroach.
The ball python grabs your giant cockroach.
The ball python constricts your giant cockroach. 😱 HP[-3]
You take 3 damage, and now have 2/28 hp.
Casting: Sandblast (safe; 1% risk of failure)
Confirm with . or Enter, or press ? or * to list all spells.
Aiming: Sandblast (safe; 1% risk of failure)
Press: ? - help, Shift-Dir - straight line, f - bullfrog
Aim: a bullfrog (ally target, 79% to hit)
The blast of sand hits the bullfrog!
The bullfrog closely misses you.
The ball python bites your giant cockroach.
The ball python constricts your giant cockroach.
The bullfrog hits you!
You die...

Skill      XL: |  1  2  3  4  5 |
---------------+----------------+-----
Stealth        | 3 |  3.8
Dodging        | 3 |  3.5
Transmutations | 2 |  2.6
Spellcasting   | 4 |  4.7
Earth Magic    | 4 |  4.3
Short Blades   | 1 |  1.5
Conjurations   | 1 |  1.2

Action                     |  1- 3 |  4- 6 || total
---------------------------+-------+-------++-------
  Melee: Dagger            |     4 |       ||     4
         Short sword       |       |    17 ||    17
   Cast: Sandblast         |    69 |    37 ||   106
    Use: Scroll            |       |     6 ||     6
         Potion            |       |     1 ||     1
   Stab: Sleeping          |     1 |     2 ||     3
         Distracted        |       |     1 ||     1
 Armour: Robe              |    13 |    20 ||    33
  Dodge: Dodged            |    32 |    22 ||    54

Levels and vault maps discovered:
D:1:      lightli_arrival_windingriver, layout_basic, dreamdust_princess_bridge,
          grunt_decor_arrowhead, minmay_pentomino_z2
D:2:      layout_basic, serial_aquarium, aquarium_bridge_straight
          [aquarium_subvault_bridge, aquarium_subvault_wall,
          aquarium_subvault_bridge, aquarium_subvault_wall], aquarium_window_2,
          aquarium_window_fake, aquarium_window_1, aquarium_view_2d,
          aquarium_pool_2, minivault_5
D:3:      layout_loops_ring, hellmonk_ecumenical_altar_leap_of_faith,
          nrook_loot_triangle, uniq_grinder, uniq_ijyb
D:4:      corexii_shantytown, layout_loops_ring,
          minmay_temple_entry_gardened_gates, gammafunk_ghost_nasty_kobolds,
          uniq_edmund

Notes
Turn   | Place    | Note
-------+----------+-------------------------------------------
     0 | D:1      | Zonian the Deep Elf Earth Elementalist began the quest for
                  | the Orb.
     0 | D:1      | Reached XP level 1. HP: 10/10 MP: 6/6
     0 | D:1      | magus.rc [v1.9.6]
   115 | D:1      | Reached XP level 2. HP: 7/15 MP: 5/8
   634 | D:1      | Reached skill level 3 in Stealth
   653 | D:1      | Reached XP level 3. HP: 19/19 MP: 5/9
   992 | D:1      | Reached skill level 3 in Dodging
  1376 | D:2      | Reached skill level 2 in Transmutations
  1466 | D:2      | Reached XP level 4. HP: 24/24 MP: 7/11
  1469 | D:2      | Learned a level 2 spell: Passwall
  1473 | D:2      | Learned a level 3 spell: Stone Arrow
  2258 | D:3      | Reached skill level 4 in Spellcasting
  2258 | D:3      | Reached skill level 4 in Earth Magic
  2400 | D:3      | Noticed Ijyb
  2406 | D:3      | Reached XP level 5. HP: 28/28 MP: 11/13
  2430 | D:3      | Killed Ijyb
  2795 | D:3      | Noticed Grinder
  2853 | D:3      | Found a faded altar of an unknown god.
  3084 | D:3      | You add the spells Olgreb's Toxic Radiance, Ignition and
                  | Discord to your library.
  3182 | D:4      | HP: 5/28 [bullfrog (7)]
  3183 | D:4      | Reached skill level 1 in Short Blades
  3183 | D:4      | Reached skill level 1 in Conjurations
  3183 | D:4      | HP: 2/28 [bullfrog (3)]
  3184 | D:4      | Slain by a bullfrog

Vanquished Creatures
  A kobold brigand (D:4)
  An orc priest (D:3)
  Ijyb (D:3)
  4 adders
  A worm (D:2)
  2 dart slugs
  6 orcs (D:3)
  4 ball pythons
  2 endoplasms (D:3)
  2 giant cockroaches
  7 goblins
  5 hobgoblins (D:1)
  8 jackals
  6 kobolds
  4 quokkas
  10 bats
  4 frilled lizards
  6 rats
74 creatures vanquished.

Table legend:
 A = Non-vault XP
 B = Vault XP
 C = Vault XP percentage of total XP
 D = Non-vault monster count
 E = Vault monster count
 F = Vault count percentage of total count
                 A         B        C        D         E       F
            +---------+---------+-------+---------+---------+-------
      Total |     313 |      40 |  11.3 |      71 |       3 |   4.1
            +---------+---------+-------+---------+---------+-------
        D:1 |      55 |       4 |   6.8 |      33 |       2 |   5.7
        D:2 |      65 |       0 |   0.0 |      18 |       0 |   0.0
        D:3 |      96 |      36 |  27.3 |      19 |       1 |   5.0
        D:4 |      97 |       0 |   0.0 |       1 |       0 |   0.0
            +---------+---------+-------+---------+---------+-------

Skill      XL: |  1  2  3  4  5 |
---------------+----------------+-----
Stealth        | 3 |  3.8
Dodging        | 3 |  3.5
Transmutations | 2 |  2.6
Spellcasting   | 4 |  4.7
Earth Magic    | 4 |  4.3
Short Blades   | 1 |  1.5
Conjurations   | 1 |  1.2

Action                     |  1- 3 |  4- 6 || total
---------------------------+-------+-------++-------
  Melee: Dagger            |     4 |       ||     4
         Short sword       |       |    17 ||    17
   Cast: Sandblast         |    69 |    37 ||   106
    Use: Scroll            |       |     6 ||     6
         Potion            |       |     1 ||     1
   Stab: Sleeping          |     1 |     2 ||     3
         Distracted        |       |     1 ||     1
 Armour: Robe              |    13 |    20 ||    33
  Dodge: Dodged            |    32 |    22 ||    54

Illustrated notes

Table legend:
 A = Kills in this place as a percentage of kills in the entire game.
 B = Kills by you in this place as a percentage of kills by you in the entire game.
 C = Kills by friends in this place as a percentage of kills by friends in the entire game.
 D = Other kills in this place as a percentage of other kills in the entire game.
 E = Experience gained in this place as a percentage of experience gained in the entire game.
 F = Experience gained in this place divided by the number of levels of this place that you have seen.
                   A       B       C       D       E      F
               +-------+-------+-------+-------+-------+----------------------
         Total | 100.0 | 100.0 |   N/A |   N/A | 100.0 |  88.2
       Dungeon | 100.0 | 100.0 |   N/A |   N/A | 100.0 |  88.2
               +-------+-------+-------+-------+-------+----------------------

Table legend: (Time is in decaauts)
 A = Elapsed time spent in this place.
 B = Non-inter-level travel time spent in this place.
 C = Inter-level travel time spent in this place.
 D = Time resting spent in this place.
 E = Time spent auto-exploring this place.
 F = Levels seen in this place.
 G = Mean time per level.
                   A        B        C        D        E       F      G
               +--------+--------+--------+--------+--------+-----+--------+
         Total |   3236 |   3157 |     79 |    327 |   2330 |   4 |  809.0 |
       Dungeon |   3236 |   3157 |     79 |    327 |   2330 |   4 |  809.0 |
               +--------+--------+--------+--------+--------+-----+--------+

Top non-repeatable levels by time:
     D:1: 1169 daAuts
     D:2: 1067 daAuts
     D:3: 992 daAuts
     D:4: 7 daAuts
